 Dungeon Crawl Stone Soup version 0.23.0-28-g6fe0f4d (webtiles) character file.

Game seed: 2558258653345355604

216 zedzed the Shield-Bearer (level 5, -5/47 HPs)
             Began as a Minotaur Fighter on Feb 25, 2019.
             Slain by Duvessa
             ... wielding a +0 rapier
              (8 damage)
             ... on level 4 of the Dungeon.
             The game lasted 00:05:43 (779 turns).

zedzed the Shield-Bearer (Minotaur Fighter)          Turns: 779, Time: 00:05:44

Health: -5/47      AC: 10    Str: 26    XL:     5   Next: 61%
Magic:  4/4        EV:  8    Int:  5    God:
Gold:   70         SH: 10    Dex: 10    Spells: 4/4 levels left

rFire    . . .     SeeInvis .   a - +1 war axe
rCold    . . .     Gourm    .   c - +0 shield
rNeg     . . .     Faith    .   b - +0 scale mail
rPois    .         Spirit   .   (helmet restricted)
rElec    .         Reflect  .   (no cloak)
rCorr    .         Harm     .   g - +2 pair of gloves
MR       .....                  (no boots)
Stlth    ..........             (no amulet)
HPRegen  0.15/turn              (no ring)
MPRegen  0.09/turn              (no ring)

@: mighty, lethally poisoned (-5 -> -13), glowing
A: retaliatory headbutt, horns 2
a: no special abilities


You were on level 4 of the Dungeon.
You were not hungry.

You visited 1 branch of the dungeon, and saw 4 of its levels.

You collected 70 gold pieces.

Inventory:

Hand Weapons
 a - a +1 war axe (weapon)
Armour
 b - a +0 scale mail (worn)
 c - a +0 shield (worn)
 g - a +2 pair of gloves (worn)
Scrolls
 e - a scroll of remove curse {unknown}
 h - 2 scrolls of blinking {unknown}
 i - a scroll of amnesia {unknown}
 j - a scroll of noise {unknown}
 l - 2 scrolls of enchant weapon
Potions
 k - a potion of cancellation {unknown}
Comestibles
 f - 3 rations


   Skills:
 + Level 4.7 Fighting
 * Level 4.9 Axes
 - Level 3.6 Armour
 * Level 5.6 Shields


You had 4 spell levels left.
You didn't know any spells.
Your spell library was empty.

Dungeon Overview and Level Annotations

Branches:
Dungeon (4/15)
 Temple: D:4-7

Altars:
Ashenzari
Cheibriados

Annotations:
D:4 Dowan, Duvessa


Innate Abilities, Weirdness & Mutations

You reflexively headbutt those who attack you in melee.
You have a pair of horns on your head.


Message History

You feel sick.
As you read the scroll labeled BEIMAO KIEM, it crumbles to dust.
It is a scroll of enchant weapon.
Your +0 war axe glows red for a moment.
* * * LOW HITPOINT WARNING * * *
You feel sick.
You barely miss Duvessa.
Duvessa is severely wounded.
* * * LOW HITPOINT WARNING * * *
You feel sick. Duvessa hits you with a +0 rapier.
* * * LOW HITPOINT WARNING * * *
You feel very mighty all of a sudden.
* * * LOW HITPOINT WARNING * * *
You feel sick. You block Duvessa's attack.
You closely miss Duvessa.
Duvessa is severely wounded.
* * * LOW HITPOINT WARNING * * *
You feel sick. Duvessa hits you but does no damage.
Duvessa hits you with a +0 rapier!
You die...

#...# #........ #...#
#........ ## #...# #####.###
.. ######...###### #.#
#.##.............### #.###
#.......†..........###.#..
###.##e...†........#.#......
#.!...#####ee.######.#.#.#..
#.#.#.# #@..# #.#.#.#.. #
#†# #...# #<#.#....
#.......# #...# #.#.###..
#..#.#..# #...# #.#.##... #
......# ##.## #.#...... ...
...# .# #........ ....##.#.#
.# ######.#. ##.# .. .. .#
#... #. .. .# ###.


You could see Duvessa and Dowan.

Vanquished Creatures
  Menkaure (D:4)
  A worker ant (D:4)
  4 adders
  A worm (D:4)
  2 leopard geckos (D:4)
  A ball python (D:1)
  2 bats
  3 giant cockroaches
  3 goblins
  5 hobgoblins
  4 jackals (D:4)
  4 frilled lizards (D:2)
  3 kobolds
  A leopard gecko skeleton (D:4)
  4 rats
39 creatures vanquished.

Notes
Turn   | Place    | Note
-------+----------+-------------------------------------------
     0 | D:1      | zedzed the Minotaur Fighter began the quest for the Orb.
     0 | D:1      | Reached XP level 1. HP: 19/19 MP: 0/0
    89 | D:1      | Reached XP level 2. HP: 23/27 MP: 1/1
   149 | D:1      | Reached skill level 4 in Shields
   285 | D:2      | Found a faded altar of an unknown god.
   328 | D:2      | Reached XP level 3. HP: 32/33 MP: 2/2
   494 | D:2      | Found a snail-covered altar of Cheibriados.
   557 | D:4      | Noticed Menkaure
   559 | D:4      | Killed Menkaure
   559 | D:4      | Reached skill level 5 in Shields
   559 | D:4      | Reached XP level 4. HP: 36/41 MP: 3/3
   559 | D:4      | Reached XP level 5. HP: 41/47 MP: 4/4
   621 | D:4      | Found a shattered altar of Ashenzari.
   740 | D:4      | Noticed Duvessa
   741 | D:4      | Noticed Dowan
   779 | D:4      | Slain by Duvessa

Skill      XL: |  1  2  3 |
---------------+----------+-----
Shields        | 4 5 |  5.6
Axes           | 3 4 |  4.9
Fighting       | 4 |  4.7
Armour         | |  3.6

Action                   |  1- 3 |  4- 6 || total
-------------------------+-------+-------++-------
Melee: War axe           |    58 |    50 ||   108
       Headbutt          |     6 |    11 ||    17
  Use: Scroll            |       |     1 ||     1
       Potion            |       |     1 ||     1
Armor: Scale mail        |    24 |    16 ||    40
Dodge: Dodged            |    17 |     8 ||    25
Block: Shield            |    26 |    35 ||    61
